[Event "POL-chT 1 Liga 2019"]
[Site "Dzwirzyno"]
[Date "2019.09.15"]
[Round "9.26"]
[White "Zezulkin, Jurij"]
[Black "Barski, Radoslaw"]
[Result "0-1"]
[ECO "B90"]
[WhiteElo "2434"]
[BlackElo "2425"]
[Annotator "NA"]
[PlyCount "104"]
[EventDate "2019.09.07"]
[EventType "team-tourn"]
[EventCountry "POL"]
[SourceTitle "playchess.com"]
[Source "ChessBase"]
[SourceQuality "1"]
[TimeControl "40/5400+30:1800+30"]

1. e4 c5 2. Nc3 a6 3. Nf3 d6 4. d4 cxd4 5. Nxd4 Nf6 6. Be3 e6 7. f3 b5 8. g4 b4 9. Nce2 {[%emt 0:25:11] B80: Sicilian Scheveningen: 6 g3 and 6 Be3, including English Attack} h6 10. c4 e5 11. Nc2 a5 12. Ng3 Be6 13. h4 Nc6 14. Bf2 {[%emt 0:14:34] [#]} a4 $146 ({Predecessor:} 14... g6 15. Ne3 Bg7 16. Rc1 O-O {0-1 (43) Vallejo Pons,F (2650)-Anand,V (2792) Monte Carlo 2006}) 15. Be2 Nd7 16. Ne3 Nc5 17. Nd5 g6 18. h5 Bg7 19. hxg6 fxg6 20. Be3 Qa5 21. Kf2 $11 O-O-O 22. Qd2 h5 23. gxh5 gxh5 24. Rxh5 Rxh5 25. Nxh5 Rf8 26. Ng3 Rh8 27. Rg1 Rh2+ 28. Rg2 Rxg2+ 29. Kxg2 a3 30. bxa3 Qxa3 31. Ne7+ Nxe7 32. Qxd6 Qxe3 33. Qxe7 Bh6 34. Qe8+ Kb7 35. Qb5+ Kc7 36. Qa5+ Kd7 37. Qa7+ Ke8 38. Qb8+ Kf7 39. Qxe5 Bf4 40. Qh5+ Ke7 41. Bf1 Bxg3 42. Kxg3 Nxe4+ 43. Kh2 Qf4+ 44. Kg1 Qg3+ 45. Bg2 Ng5 46. Kh1 Bxc4 47. Qh6 Qf4 48. Qc6 Be6 49. Qb7+ Kf6 50. Qa8 Nf7 51. Qa6 Qh4+ 52. Kg1 Qd4+ 0-1

[Event "POL-chT 1 Liga 2019"]
[Site "Dzwirzyno"]
[Date "2019.09.15"]
[Round "9.27"]
[White "Kosakowski, Jakub"]
[Black "Rawicz, Karol"]
[Result "1/2-1/2"]
[ECO "B32"]
[WhiteElo "2411"]
[BlackElo "2200"]
[Annotator "NA"]
[PlyCount "103"]
[EventDate "2019.09.07"]
[EventType "team-tourn"]
[EventCountry "POL"]
[SourceTitle "playchess.com"]
[Source "ChessBase"]
[SourceQuality "1"]
[TimeControl "40/5400+30:1800+30"]

1. e4 c5 2. Nf3 Nc6 3. d4 cxd4 4. Nxd4 e5 5. Nb5 d6 6. c4 Be7 7. N1c3 a6 8. Na3 Be6 9. Nc2 Bg5 10. Be2 Bxc1 11. Rxc1 Nf6 12. O-O O-O 13. Qd2 Qe7 14. b3 Rac8 15. Kh1 Kh8 16. g3 Rfd8 17. f3 g6 18. Rfe1 Rc7 19. Bf1 Nb8 20. f4 Bd7 21. Bg2 Bc6 22. Rcd1 Kg7 $16 23. Nb4 h5 24. fxe5 Qxe5 25. Nd3 Qe8 26. Nf4 Re7 27. Qd4 Re5 28. Nd3 Re6 29. Nd5 Bxd5 30. exd5 Rxe1+ 31. Rxe1 Qd7 32. c5 Qg4 33. Qc3 h4 34. Rf1 Qg5 35. c6 bxc6 36. dxc6 Nxc6 37. Bxc6 hxg3 38. Bg2 gxh2 39. Nf2 Qe5 40. Qxe5 dxe5 41. Rd1 Rh8 42. Bf3 g5 43. Re1 Rh4 44. Rxe5 Kg6 45. Ne4 Nxe4 46. Rxe4 Rh3 47. Bg2 Rc3 48. Kxh2 f5 49. Re6+ Kh5 50. Rxa6 f4 51. Rc6 Rd3 52. Rc2 1/2-1/2

[Event "POL-chT 1 Liga 2019"]
[Site "Dzwirzyno"]
[Date "2019.09.15"]
[Round "9.28"]
[White "Jaroch, Karol"]
[Black "Walter, Szymon"]
[Result "1/2-1/2"]
[ECO "E12"]
[WhiteElo "2236"]
[BlackElo "2311"]
[Annotator "NA"]
[PlyCount "117"]
[EventDate "2019.09.07"]
[EventType "team-tourn"]
[EventCountry "POL"]
[SourceTitle "playchess.com"]
[Source "ChessBase"]
[SourceQuality "1"]
[TimeControl "40/5400+30:1800+30"]

1. d4 Nf6 2. c4 e6 3. Nf3 b6 4. a3 Bb7 5. Bg5 d5 6. Nc3 Be7 7. Qa4+ c6 8. Bxf6 Bxf6 9. e4 dxc4 10. Qxc4 Ba6 $14 11. Qa4 Qc8 12. Be2 O-O 13. O-O c5 14. e5 Bxe2 15. Nxe2 Be7 16. Rfd1 Qc6 17. Qc2 Na6 18. dxc5 bxc5 19. Nc3 Rfd8 20. Rxd8+ Rxd8 21. Rd1 Rxd1+ 22. Nxd1 Nc7 23. Ne3 Nd5 24. Nc4 Nb6 25. b3 f6 26. exf6 gxf6 27. Ne3 f5 28. Ne5 Qd6 29. N5c4 Nxc4 30. Nxc4 Qd4 31. g3 Bf6 32. Qe2 Kf7 33. Qh5+ Kg7 34. Qf3 Kg6 35. h3 h5 36. Qe2 e5 37. Ne3 Qe4 38. Qb5 f4 39. Qe8+ Kg7 40. gxf4 Qb1+ 41. Nf1 exf4 42. Qxh5 Qxb3 43. Qxc5 Qxh3 44. Qxa7+ Kg6 45. Qa8 Qg4+ 46. Qg2 Qxg2+ 47. Kxg2 Bb2 48. a4 Bc3 49. Kf3 Kf5 50. Nh2 Ke5 51. Kg4 Kd5 52. Nf3 Kc4 53. Kxf4 Kb4 54. Ne5 Kxa4 55. Ke4 Bd2 56. Ng4 Kb5 57. Ne3 Kc6 58. f4 Bxe3 59. Kxe3 1/2-1/2

[Event "POL-chT 1 Liga 2019"]
[Site "Dzwirzyno"]
[Date "2019.09.15"]
[Round "9.29"]
[White "Dzierzak, Radoslaw"]
[Black "Samborski, Henryk"]
[Result "1/2-1/2"]
[ECO "B91"]
[WhiteElo "2253"]
[BlackElo "2098"]
[Annotator "NA"]
[PlyCount "141"]
[EventDate "2019.09.07"]
[EventType "team-tourn"]
[EventCountry "POL"]
[SourceTitle "playchess.com"]
[Source "ChessBase"]
[SourceQuality "1"]
[TimeControl "40/5400+30:1800+30"]

1. e4 c5 2. Nf3 d6 3. d4 cxd4 4. Nxd4 Nf6 5. Nc3 a6 6. g3 e5 7. Nde2 Be6 8. Bg2 Nbd7 9. a4 Be7 10. O-O O-O 11. h3 Rc8 12. b3 Ne8 13. Be3 Bg5 14. f4 Bh6 15. Qd2 f6 16. Nd5 Nc7 17. c4 Nxd5 18. cxd5 Bf7 19. a5 Nc5 20. Rfb1 exf4 21. gxf4 Qe7 22. Ng3 Bg6 23. f5 Bxe3+ 24. Qxe3 Bf7 25. Qd4 Rc7 26. b4 Nd7 27. Rc1 Rfc8 28. Ne2 Qe5 29. Qxe5 Nxe5 30. Rxc7 Rxc7 31. Rc1 Rxc1+ 32. Nxc1 Be8 33. Kf2 Bb5 34. Bf3 Kf7 35. Be2 Ba4 36. Na2 Bb3 37. Nc3 Bc4 38. Bxc4 Nxc4 39. Ne2 g6 40. fxg6+ hxg6 41. Nd4 Ke7 42. Ke2 Kd7 43. Kd3 Ne5+ 44. Kc3 Kc7 45. b5 g5 46. bxa6 bxa6 47. Nf5 Kd7 48. h4 gxh4 49. Nxh4 Nf7 50. Nf5 Nd8 51. Nd4 Nb7 52. Nc6 Nc5 53. Kd4 Nb3+ 54. Ke3 Ke8 55. Kf4 Kf7 56. Kf5 Nd2 57. Nb8 Nc4 58. Nxa6 Nxa5 59. Nb8 Nc4 60. Nd7 Ne3+ 61. Kf4 Nc4 62. Kg4 Kg6 63. Nf8+ Kf7 64. Ne6 Ne3+ 65. Kf3 Nc4 66. Kf4 Kg6 67. Nd8 Ne5 68. Nc6 Nc4 69. Nd4 Kf7 70. Nf5 Ke8 71. Nxd6+ 1/2-1/2

[Event "POL-chT 1 Liga 2019"]
[Site "Dzwirzyno"]
[Date "2019.09.15"]
[Round "9.30"]
[White "Worek, Joanna"]
[Black "Malicka, Maria"]
[Result "1-0"]
[ECO "C84"]
[WhiteElo "2308"]
[BlackElo "2095"]
[Annotator "NA"]
[PlyCount "87"]
[EventDate "2019.09.07"]
[EventType "team-tourn"]
[EventCountry "POL"]
[SourceTitle "playchess.com"]
[Source "ChessBase"]
[SourceQuality "1"]
[TimeControl "40/5400+30:1800+30"]

1. e4 e5 2. Nf3 Nc6 3. Bb5 a6 4. Ba4 Nf6 5. O-O Be7 6. d3 b5 7. Bb3 d6 8. a4 Bb7 9. c3 O-O 10. Re1 Na5 11. Bc2 c5 12. d4 cxd4 13. cxd4 Qc7 14. Nbd2 Nc6 $11 15. Nf1 Nxd4 16. Nxd4 exd4 17. Bd3 Bc6 18. Ng3 Nd7 19. Bb1 bxa4 20. Nf5 Bf6 21. Ra3 Nc5 22. Rh3 g6 23. Nh6+ Kh8 24. Ng4 Bg7 25. Bh6 f5 26. exf5 gxf5 27. Bg5 Be4 28. Nh6 Rae8 29. Ba2 d5 30. Qh5 Bxh6 31. Bxh6 Rg8 32. f3 Nd3 33. Rf1 Nb4 34. fxe4 Nxa2 35. exf5 Re7 36. f6 Rf7 37. Qxd5 Nb4 38. Qxd4 Nc6 39. Bg7+ Rfxg7 40. fxg7+ Qxg7 41. Qxg7+ Rxg7 42. Rf8+ Rg8 43. Rxg8+ Kxg8 44. Ra3 1-0